Blackhawks vs Nordiques
Created - 6 avril 2017 at 19:07
Goals
|
| Blackhawks |
1 |
2 |
2 |
5 |
| Nordiques |
3 |
0 |
1 |
4 |
|
Shots
|
| Blackhawks |
8 |
6 |
8 |
22 |
| Nordiques |
10 |
15 |
17 |
42 |
|
1st period
1. Blackhawks , Derick Brassard 39 (Patrick Kane) at 3:53
2. Nordiques , Kyle Calder 17 (Paul Gaustad, T.J. Fast) at 4:04
3. Nordiques , Chris Drury 41 (Jean-Pierre Dumont, Dustin Byfuglien) at 16:52 (PP)
4. Nordiques , Chris Drury 42 (Jean-Pierre Dumont) at 18:05 (PP)
Penalties :
Brendan Bell (Chi) for Hooking (Minor) at 10:46, Kyle Brodziak (Chi) for Slashing (Minor) at 16:36, Denis Grebeshkov (Chi) for Slashing (Minor) at 17:56, R.J. Umberger (Que) for Cross-checking (Minor) at 18:19
2nd period
5. Blackhawks , Patrick Kane 41 (Ian White) at 13:07
6. Blackhawks , Dave Tanabe 2 (Derick Brassard) at 13:11
Penalties :
Ryan Hollweg (Chi) for Tripping (Minor) at 0:43, Ian White (Chi) for Hooking (Minor) at 5:48, Dave Tanabe (Chi) for Hooking (Minor) at 14:21
3rd period
7. Blackhawks , Patrick Kaleta 15 (Ian White, Antoine Roussel) at 9:18
8. Blackhawks , Jason Pominville 36 (Jonathan Toews, Joni Pitkanen) at 13:06
9. Nordiques , Kyle Calder 18 (Paul Gaustad) at 16:14
Penalties :
Peter Regin (Chi) for Tripping (Minor) at 10:23
Goalie Stats
Jimmy Howard (Chi), 38 saves from 42 shots - (0,905), W, 31-21-4, 60:00 minutes
Julien Ellis (Que), 17 saves from 22 shots - (0,773), L, 9-7-3, 59:18 minutes
Players Stats for Blackhawks
Player Name G A P +/- PIM S H SB GA TA FO MP PP MP PK MP
------------------------------------------------------------------------------------
Antoine Roussel 0 1 1 1 0 2 4 1 0 0 3/5 19:02 1:15 0:00
Brendan Bell 0 0 0 1 2 0 0 1 0 0 0/0 12:44 0:00 1:14
Carson Mcmillan 0 0 0 0 0 0 1 0 0 0 0/0 9:01 0:00 3:03
Dave Tanabe 1 0 1 1 2 1 0 2 0 0 0/0 12:23 0:00 0:48
Denis Grebeshkov 0 0 0 0 2 1 0 1 0 0 0/0 19:59 0:38 4:14
Derick Brassard 1 1 2 1 0 1 2 0 0 0 17/28 19:02 1:15 0:00
Ian White 0 2 2 2 2 0 1 4 1 2 0/0 27:36 1:21 4:39
Jason Pominville 1 0 1 1 0 2 1 0 1 0 0/0 14:28 0:44 0:00
Jonathan Toews 0 1 1 1 0 1 2 1 0 1 11/22 21:03 0:44 6:12
Joni Pitkanen 0 1 1 2 0 3 1 2 0 0 0/0 28:17 1:21 5:50
Kurt Sauer 0 0 0 0 0 0 2 1 1 1 0/0 19:41 0:38 3:55
Kyle Brodziak 0 0 0 0 2 0 0 0 0 0 2/2 5:54 0:00 0:28
Oleg Saprykin 0 0 0 0 0 0 1 0 0 0 0/0 7:41 0:00 2:05
Patrick Kaleta 1 0 1 1 0 3 0 0 0 1 0/0 15:55 0:00 5:52
Patrick Kane 1 1 2 1 0 4 2 0 0 0 0/0 19:02 1:15 0:00
Peter Regin 0 0 0 1 2 1 2 1 0 0 4/9 12:46 0:00 2:26
Ryan Hollweg 0 0 0 1 2 2 1 0 0 0 1/2 15:07 0:44 0:31
Tomas Fleischmann 0 0 0 1 0 1 0 0 0 1 0/0 9:52 0:00 0:03
Players Stats for Nordiques
Player Name G A P +/- PIM S H SB GA TA FO MP PP MP PK MP
------------------------------------------------------------------------------------
Chris Drury 2 0 2 -2 0 2 1 1 0 0 18/37 23:06 6:02 0:37
Dmitry Kulikov 0 0 0 1 0 1 2 0 0 0 0/0 17:37 4:27 0:00
Dustin Byfuglien 0 1 1 -5 0 0 0 0 2 2 0/0 27:16 5:53 0:27
Fedor Tyutin 0 0 0 -4 0 2 2 0 0 0 0/0 25:37 4:27 0:00
Jean-Pierre Dumont 0 2 2 -2 0 4 2 1 0 0 1/2 22:21 5:55 0:00
Kyle Calder 2 0 2 2 0 4 2 1 0 0 0/1 13:24 0:07 0:41
Mark Eaton 0 0 0 1 0 2 1 1 0 0 0/0 15:07 0:00 1:32
Matt Moulson 0 0 0 -3 0 1 0 0 0 0 0/0 16:28 4:18 0:09
Michael Ryder 0 0 0 2 0 2 1 0 0 0 1/1 12:43 0:07 0:00
Nikita Kucherov 0 0 0 -3 0 2 1 0 0 0 0/0 16:19 4:18 0:00
Nikolai Kulemin 0 0 0 0 0 1 1 0 0 0 0/0 6:36 0:00 0:00
Pascal Dupuis 0 0 0 0 0 1 0 0 0 0 0/0 7:47 0:00 1:09
Paul Gaustad 0 2 2 2 0 6 3 0 0 1 4/10 13:47 0:00 1:10
R.J. Umberger 0 0 0 -2 2 3 0 1 3 0 2/5 22:22 5:55 0:00
Rich Peverley 0 0 0 0 0 3 1 0 0 0 2/3 6:36 0:00 0:00
Ryan Ellis 0 0 0 0 0 2 0 0 1 0 0/0 19:16 5:53 0:27
T.J. Fast 0 1 1 1 0 4 1 1 0 0 0/0 15:07 0:00 1:32
Vaclav Prospal 0 0 0 -3 0 2 0 1 0 0 2/9 16:31 4:18 0:12
3 Stars
1 - Kyle Calder (Que)
2 - Derick Brassard (Chi)
3 - Patrick Kane (Chi)
Power Play
Blackhawks - 0 on 1 Attempt(s) - 0,00%
Nordiques - 2 on 7 Attempt(s) - 28,57%
Penalty Kill
Blackhawks - 5 on 7 Attempt(s) - 71,43%
- Score 0 goal in Penalty Kill
Nordiques - 1 on 1 Attempt(s) - 100,00%
- Score 0 goal in Penalty Kill
Team Stat
Blackhawks - Hits : 20 - Faceoff Wins : 38 - Blocked Shots : 14 - Penalty Minutes : 14
Nordiques - Hits : 18 - Faceoff Wins : 30 - Blocked Shots : 7 - Penalty Minutes : 2
Official
Referees : Pollock Kevin and Watson Brad
Linesman : Lonnie Cameron and Jean Morin
Game Notes
No Game Note
Finance
Level 1 -- Attendance: 4550 (75,83%) -- Ticket Income 455 000 $
Level 2 -- Attendance: 3758 (75,16%) -- Ticket Income 225 480 $
Level 3 -- Attendance: 1256 (62,80%) -- Ticket Income 51 496 $
Level 4 -- Attendance: 2189 (54,73%) -- Ticket Income 65 670 $
Luxury Box -- Attendance: 1000 (100,00%) -- Ticket Income 160 000 $
Game was played at the Centre Videotron.
Total Attendance: 12753 (70,85%)
Total Ticket Income: 957 646 $
Other Income: 143 647 $
Total Income: 1 101 293 $
Blackhawks
5 vs 5 Forward
Center Left Wing Right Wing Time % Phy DF OF
1 Derick Brassard Antoine Roussel Patrick Kane 40 1 2 2
2 Jonathan Toews Ryan Hollweg Jason Pominville 30 1 2 2
3 Peter Regin Tomas Fleischmann Patrick Kaleta 20 1 2 2
4 Kyle Brodziak Oleg Saprykin Carson Mcmillan 10 1 2 2
5 vs 5 Defense
Defense Defense Time % Phy DF OF
1 Ian White Joni Pitkanen 40 1 2 2
2 Kurt Sauer Denis Grebeshkov 30 1 2 2
3 Brendan Bell Dave Tanabe 20 1 2 2
4 Ian White Joni Pitkanen 10 1 2 2
PowerPlay Forward
Center Left Wing Right Wing Time % Phy DF OF
1 Derick Brassard Antoine Roussel Patrick Kane 60 1 2 2
2 Jonathan Toews Ryan Hollweg Jason Pominville 40 1 2 2
PowerPlay Defense
Defense Defense Time % Phy DF OF
1 Ian White Joni Pitkanen 60 1 2 2
2 Kurt Sauer Denis Grebeshkov 40 1 2 2
Penalty Kill 4 Players Forward
Center Wing Time % Phy DF OF
1 Jonathan Toews Patrick Kaleta 60 1 2 2
2 Peter Regin Carson Mcmillan 40 1 2 2
Penalty Kill 4 Players Defense
Defense Defense Time % Phy DF OF
1 Ian White Joni Pitkanen 60 1 2 2
2 Kurt Sauer Denis Grebeshkov 40 1 2 2
Penalty Kill - 3 Players Forward
Forward Time % Phy DF OF
1 Peter Regin 60 1 2 2
2 Jonathan Toews 40 1 2 2
Penalty Kill - 3 Players Defense
Defense Defense Time % Phy DF OF
1 Ian White Joni Pitkanen 60 1 2 2
2 Kurt Sauer Denis Grebeshkov 40 1 2 2
4 vs 4 Forward
Center Wing Time % Phy DF OF
1 Patrick Kane Jason Pominville 60 1 2 2
2 Derick Brassard Jonathan Toews 40 1 2 2
4 vs 4 Defense
Defense Defense Time % Phy DF OF
1 Ian White Joni Pitkanen 60 1 2 2
2 Kurt Sauer Denis Grebeshkov 40 1 2 2
Last Minutes Offensive
Center Left Wing Right Wing Defense Defense
Derick Brassard Antoine Roussel Patrick Kane Ian White Joni Pitkanen
Last Minutes Defensive
Center Left Wing Right Wing Defense Defense
Derick Brassard Antoine Roussel Patrick Kane Ian White Joni Pitkanen
Goaltenders
Starting : Jimmy Howard
Backup : Al Montoya
Extra Forwards
Normal : Tomas Fleischmann, Patrick Kaleta, Oleg Saprykin - PP : Tomas Fleischmann, Patrick Kaleta - PK : Oleg Saprykin
Extra Defensemen
Normal : Brendan Bell, Denis Grebeshkov, Kurt Sauer - PP : Brendan Bell - PK : Denis Grebeshkov, Kurt Sauer
Penalty Shots
Patrick Kane, Jason Pominville, Derick Brassard, Jonathan Toews, Antoine Roussel
Nordiques
5 vs 5 Forward
Center Left Wing Right Wing Time % Phy DF OF
1 Chris Drury R.J. Umberger Jean-Pierre Dumont 40 0 3 2
2 Vaclav Prospal Matt Moulson Nikita Kucherov 30 0 3 2
3 Paul Gaustad Kyle Calder Michael Ryder 20 0 3 2
4 Rich Peverley Nikolai Kulemin Pascal Dupuis 10 0 3 2
5 vs 5 Defense
Defense Defense Time % Phy DF OF
1 Fedor Tyutin Dustin Byfuglien 40 0 5 0
2 Dmitry Kulikov Ryan Ellis 30 0 5 0
3 T.J. Fast Mark Eaton 20 0 5 0
4 Fedor Tyutin Dustin Byfuglien 10 0 5 0
PowerPlay Forward
Center Left Wing Right Wing Time % Phy DF OF
1 Chris Drury R.J. Umberger Jean-Pierre Dumont 60 0 0 5
2 Vaclav Prospal Matt Moulson Nikita Kucherov 40 0 0 5
PowerPlay Defense
Defense Defense Time % Phy DF OF
1 Dustin Byfuglien Ryan Ellis 60 0 2 3
2 Fedor Tyutin Dmitry Kulikov 40 0 2 3
Penalty Kill 4 Players Forward
Center Wing Time % Phy DF OF
1 Paul Gaustad Pascal Dupuis 60 0 4 1
2 Kyle Calder Vaclav Prospal 40 0 4 1
Penalty Kill 4 Players Defense
Defense Defense Time % Phy DF OF
1 T.J. Fast Mark Eaton 60 0 4 1
2 Dustin Byfuglien Ryan Ellis 40 0 4 1
Penalty Kill - 3 Players Forward
Forward Time % Phy DF OF
1 Paul Gaustad 60 0 5 0
2 Pascal Dupuis 40 0 5 0
Penalty Kill - 3 Players Defense
Defense Defense Time % Phy DF OF
1 T.J. Fast Mark Eaton 60 0 5 0
2 Dustin Byfuglien Dmitry Kulikov 40 0 5 0
4 vs 4 Forward
Center Wing Time % Phy DF OF
1 R.J. Umberger Chris Drury 60 0 1 4
2 Jean-Pierre Dumont Vaclav Prospal 40 0 1 4
4 vs 4 Defense
Defense Defense Time % Phy DF OF
1 Dustin Byfuglien Dmitry Kulikov 60 0 3 2
2 Fedor Tyutin Ryan Ellis 40 0 3 2
Last Minutes Offensive
Center Left Wing Right Wing Defense Defense
Chris Drury R.J. Umberger Jean-Pierre Dumont Dustin Byfuglien Fedor Tyutin
Last Minutes Defensive
Center Left Wing Right Wing Defense Defense
Paul Gaustad Kyle Calder Pascal Dupuis T.J. Fast Mark Eaton
Goaltenders
Starting : Julien Ellis
Backup : Martin Brodeur
Extra Forwards
Normal : Chris Drury, Jean-Pierre Dumont, R.J. Umberger - PP : Chris Drury, Jean-Pierre Dumont - PK : Pascal Dupuis
Extra Defensemen
Normal : Dmitry Kulikov, Ryan Ellis, Dustin Byfuglien - PP : Dmitry Kulikov - PK : Ryan Ellis, Dustin Byfuglien
Penalty Shots
R.J. Umberger, Chris Drury, Jean-Pierre Dumont, Vaclav Prospal, Paul Gaustad
% Time on Ice - Blackhawks
Lines # - Real PCT - Wanted PCT - Time Play
Normal Forward
1 - 37% - 40% - 17:20
2 - 30% - 30% - 14:15
3 - 21% - 20% - 9:49
4 - 12% - 10% - 5:27
Normal Defense
1 - 42% - 40% - 19:47
2 - 31% - 30% - 14:18
3 - 23% - 20% - 10:56
4 - 4% - 10% - 1:50
PP Forward
1 - 63% - 60% - 1:15
2 - 37% - 40% - 0:44
PP Defense
1 - 68% - 60% - 1:21
2 - 32% - 40% - 0:38
PK Forward
1 - 70% - 60% - 7:17
2 - 30% - 40% - 3:03
PK Defense
1 - 64% - 60% - 6:38
2 - 36% - 40% - 3:42
PK3 Forward
1 - 0% - 60%
2 - 0% - 40%
PK3 Defense
1 - 0% - 60%
2 - 0% - 40%
44 Forward
1 - 0% - 60%
2 - 0% - 40%
44 Defense
1 - 0% - 60%
2 - 0% - 40%
Last Minute Offensive - 0:00
Last Minute Defensive - 0:50
Total
Forward - 60:00
Defense - 60:00
|
% Time on Ice - Nordiques
Lines # - Real PCT - Wanted PCT - Time Play
Normal Forward
1 - 33% - 40% - 15:20
2 - 26% - 30% - 12:01
3 - 27% - 20% - 12:35
4 - 14% - 10% - 6:36
Normal Defense
1 - 40% - 40% - 18:49
2 - 29% - 30% - 13:21
3 - 29% - 20% - 13:26
4 - 2% - 10% - 0:56
PP Forward
1 - 58% - 60% - 6:02
2 - 42% - 40% - 4:18
PP Defense
1 - 57% - 60% - 5:53
2 - 43% - 40% - 4:27
PK Forward
1 - 90% - 60% - 1:47
2 - 10% - 40% - 0:12
PK Defense
1 - 77% - 60% - 1:32
2 - 23% - 40% - 0:27
PK3 Forward
1 - 0% - 60%
2 - 0% - 40%
PK3 Defense
1 - 0% - 60%
2 - 0% - 40%
44 Forward
1 - 0% - 60%
2 - 0% - 40%
44 Defense
1 - 0% - 60%
2 - 0% - 40%
Last Minute Offensive - 1:09
Last Minute Defensive - 0:00
Total
Forward - 60:00
Defense - 60:00
|
Play by Play
1st period
0:01 of 1st period - Antoine Roussel wins face-off versus Chris Drury in neutral zone.
0:48 of 1st period - Dmitry Kulikov is hit by Carson Mcmillan and loses puck.
1:11 of 1st period - Snap shot by Peter Regin.
1:11 of 1st period - Deflect By Patrick Kaleta.
1:11 of 1st period - Shot Misses the Net.
1:11 of 1st period - Puck is out of play.
1:12 of 1st period - Chris Drury wins face-off versus Peter Regin in Nordiques zone.
1:26 of 1st period - Chris Drury is hit by Peter Regin and loses puck.
1:39 of 1st period - Denis Grebeshkov is hit by Nikita Kucherov.
1:45 of 1st period - Wrist shot by Antoine Roussel.
1:45 of 1st period - Stopped by Julien Ellis without a rebound.
1:46 of 1st period - Jonathan Toews wins face-off versus Paul Gaustad in Nordiques zone.
2:17 of 1st period - Wrist shot by Vaclav Prospal.
2:17 of 1st period - Stopped by Jimmy Howard without a rebound.
2:18 of 1st period - Chris Drury wins face-off versus Derick Brassard in Blackhawks zone.
2:19 of 1st period - Wrist shot by R.J. Umberger.
2:19 of 1st period - Shot Misses the Net.
2:43 of 1st period - Dmitry Kulikov is hit by Ryan Hollweg and loses puck.
2:48 of 1st period - Snap shot by Jason Pominville.
2:48 of 1st period - Shot Misses the Net.
3:11 of 1st period - Wrist shot by Nikita Kucherov.
3:11 of 1st period - Shot Blocked by Peter Regin.
3:13 of 1st period - Snap shot by Vaclav Prospal.
3:13 of 1st period - Stopped by Jimmy Howard without a rebound.
3:14 of 1st period - Chris Drury wins face-off versus Derick Brassard in Blackhawks zone.
3:23 of 1st period - Wrist shot by Chris Drury.
3:23 of 1st period - Shot Misses the Net.
3:29 of 1st period - Snap shot by Patrick Kane.
3:29 of 1st period - Shot Blocked by Chris Drury.
3:31 of 1st period - Snap shot by Joni Pitkanen.
3:31 of 1st period - Stopped by Julien Ellis without a rebound.
3:32 of 1st period - Ryan Hollweg wins face-off versus Vaclav Prospal in Nordiques zone.
3:47 of 1st period - Snap shot by Jonathan Toews.
3:47 of 1st period - Deflect By Dustin Byfuglien.
3:47 of 1st period - Shot Misses the Net.
3:47 of 1st period - Puck is out of play.
3:48 of 1st period - Derick Brassard wins face-off versus Chris Drury in Nordiques zone.
3:53 of 1st period - Wrist shot by Derick Brassard.
3:53 of 1st period - Goal by Derick Brassard - Blackhawks : 1 - Nordiques : 0.
3:54 of 1st period - Paul Gaustad wins face-off versus Derick Brassard in neutral zone.
3:57 of 1st period - Derick Brassard is hit by Mark Eaton and loses puck.
4:02 of 1st period - Snap shot by Paul Gaustad.
4:02 of 1st period - Stopped by Jimmy Howard with a rebound.
4:04 of 1st period - Snap shot by Kyle Calder.
4:04 of 1st period - Goal by Kyle Calder - Blackhawks : 1 - Nordiques : 1.
4:05 of 1st period - Kyle Brodziak wins face-off versus Chris Drury in neutral zone.
5:15 of 1st period - Wrist shot by Pascal Dupuis.
5:15 of 1st period - Shot Misses the Net.
5:17 of 1st period - Snap shot by T.J. Fast.
5:17 of 1st period - Stopped by Jimmy Howard without a rebound.
5:18 of 1st period - Chris Drury wins face-off versus Peter Regin in Blackhawks zone.
5:56 of 1st period - Backhand shot by Derick Brassard.
5:56 of 1st period - Shot Misses the Net.
5:58 of 1st period - Slapshot by Patrick Kane.
5:58 of 1st period - Shot Misses the Net.
7:31 of 1st period - Off-side.
7:32 of 1st period - Kyle Brodziak wins face-off versus Paul Gaustad in neutral zone.
8:03 of 1st period - Slapshot by Joni Pitkanen.
8:03 of 1st period - Stopped by Julien Ellis without a rebound.
8:04 of 1st period - Jean-Pierre Dumont wins face-off versus Jonathan Toews in Nordiques zone.
8:33 of 1st period - Wrist shot by Jonathan Toews.
8:33 of 1st period - Shot Blocked by T.J. Fast.
8:35 of 1st period - Snap shot by Ryan Hollweg.
8:35 of 1st period - Stopped by Julien Ellis with a rebound.
8:37 of 1st period - Snap shot by Jonathan Toews.
8:37 of 1st period - Stopped by Julien Ellis with a rebound.
8:45 of 1st period - Backhand shot by Jonathan Toews.
8:45 of 1st period - Shot Hit the Post.
8:49 of 1st period - Wrist shot by Jonathan Toews.
8:49 of 1st period - Shot Blocked by Mark Eaton.
8:51 of 1st period - Slapshot by Denis Grebeshkov.
8:51 of 1st period - Stopped by Julien Ellis without a rebound.
8:52 of 1st period - Derick Brassard wins face-off versus Vaclav Prospal in Nordiques zone.
8:55 of 1st period - Snap shot by Patrick Kane.
8:55 of 1st period - Shot Misses the Net.
9:09 of 1st period - Wrist shot by Derick Brassard.
9:09 of 1st period - Deflect By Patrick Kane.
9:09 of 1st period - Stopped by Julien Ellis without a rebound.
9:10 of 1st period - Paul Gaustad wins face-off versus Peter Regin in Nordiques zone.
9:15 of 1st period - Wrist shot by Kyle Calder.
9:15 of 1st period - Shot Blocked by Ian White.
9:37 of 1st period - Vaclav Prospal is hit by Antoine Roussel and loses puck.
10:00 of 1st period - Kurt Sauer is hit by Jean-Pierre Dumont.
10:03 of 1st period - Off-side.
10:04 of 1st period - Jonathan Toews wins face-off versus Chris Drury in neutral zone.
10:24 of 1st period - Off-side.
10:25 of 1st period - Derick Brassard wins face-off versus Vaclav Prospal in neutral zone.
10:30 of 1st period - Snap shot by Vaclav Prospal.
10:30 of 1st period - Shot Blocked by Dave Tanabe.
10:32 of 1st period - Slapshot by Ryan Ellis.
10:32 of 1st period - Shot Misses the Net.
10:40 of 1st period - Backhand shot by Nikita Kucherov.
10:40 of 1st period - Stopped by Jimmy Howard with a rebound.
10:46 of 1st period - Minor Penalty to Brendan Bell for Hooking.
10:47 of 1st period - Jonathan Toews wins face-off versus Chris Drury in Blackhawks zone.
12:46 of 1st period - Penalty to Brendan Bell is over, Brendan Bell is back on ice.
13:13 of 1st period - Mark Eaton is hit by Oleg Saprykin and loses puck.
13:23 of 1st period - Wrist shot by Paul Gaustad.
13:23 of 1st period - Stopped by Jimmy Howard with a rebound.
13:35 of 1st period - Slapshot by Dave Tanabe.
13:35 of 1st period - Shot Blocked by Vaclav Prospal.
13:53 of 1st period - Snap shot by Jason Pominville.
13:53 of 1st period - Shot Misses the Net.
16:36 of 1st period - Minor Penalty to Kyle Brodziak for Slashing.
16:37 of 1st period - Jonathan Toews wins face-off versus R.J. Umberger in Blackhawks zone.
16:50 of 1st period - Wrist shot by Chris Drury.
16:50 of 1st period - Shot Misses the Net.
16:52 of 1st period - Snap shot by Chris Drury.
16:52 of 1st period - Goal by Chris Drury - Blackhawks : 1 - Nordiques : 2.
16:53 of 1st period - Derick Brassard wins face-off versus Chris Drury in neutral zone.
17:35 of 1st period - Icing by Ian White.
17:36 of 1st period - Jonathan Toews wins face-off versus Paul Gaustad in Blackhawks zone.
17:36 of 1st period - Jonathan Toews is hit by Kyle Calder.
17:39 of 1st period - Icing by Ryan Hollweg.
17:40 of 1st period - Michael Ryder wins face-off versus Derick Brassard in Blackhawks zone.
17:53 of 1st period - Snap shot by Paul Gaustad.
17:53 of 1st period - Stopped by Jimmy Howard without a rebound.
17:54 of 1st period - Derick Brassard wins face-off versus Chris Drury in Blackhawks zone.
17:56 of 1st period - Minor Penalty to Denis Grebeshkov for Slashing.
17:57 of 1st period - Chris Drury wins face-off versus Jonathan Toews in Blackhawks zone.
18:05 of 1st period - Snap shot by Chris Drury.
18:05 of 1st period - Goal by Chris Drury - Blackhawks : 1 - Nordiques : 3.
18:06 of 1st period - Derick Brassard wins face-off versus Chris Drury in neutral zone.
18:17 of 1st period - Snap shot by Antoine Roussel.
18:17 of 1st period - Shot Blocked by R.J. Umberger.
18:19 of 1st period - Minor Penalty to R.J. Umberger for Cross-checking.
18:20 of 1st period - Antoine Roussel wins face-off versus Paul Gaustad in Nordiques zone.
18:53 of 1st period - Snap shot by Jonathan Toews.
18:53 of 1st period - Shot Misses the Net.
19:54 of 1st period - Icing by Antoine Roussel.
19:55 of 1st period - Derick Brassard wins face-off versus Chris Drury in Blackhawks zone.
Goals for this period are 1 for Blackhawks vs 3 for Nordiques.
Shots for this period are 8 for Blackhawks vs 10 for Nordiques.
2nd period
0:01 of 2nd period - Derick Brassard wins face-off versus Paul Gaustad in neutral zone.
0:19 of 2nd period - Penalty to R.J. Umberger is over, R.J. Umberger is back on ice.
0:26 of 2nd period - Jonathan Toews is hit by T.J. Fast and loses puck.
0:33 of 2nd period - Wrist shot by Jean-Pierre Dumont.
0:33 of 2nd period - Shot Blocked by Joni Pitkanen.
0:35 of 2nd period - Snap shot by R.J. Umberger.
0:35 of 2nd period - Stopped by Jimmy Howard with a rebound.
0:37 of 2nd period - Snap shot by Jean-Pierre Dumont.
0:37 of 2nd period - Stopped by Jimmy Howard with a rebound.
0:43 of 2nd period - Minor Penalty to Ryan Hollweg for Tripping.
0:44 of 2nd period - Jonathan Toews wins face-off versus Chris Drury in Blackhawks zone.
2:04 of 2nd period - Jean-Pierre Dumont is hit by Jonathan Toews and loses puck.
2:43 of 2nd period - Penalty to Ryan Hollweg is over, Ryan Hollweg is back on ice.
2:51 of 2nd period - Slapshot by T.J. Fast.
2:51 of 2nd period - Stopped by Jimmy Howard without a rebound.
2:52 of 2nd period - Rich Peverley wins face-off versus Derick Brassard in Blackhawks zone.
3:01 of 2nd period - Wrist shot by Rich Peverley.
3:01 of 2nd period - Shot Hit the Post.
3:03 of 2nd period - Slapshot by Rich Peverley.
3:03 of 2nd period - Stopped by Jimmy Howard with a rebound.
3:05 of 2nd period - Snap shot by Nikolai Kulemin.
3:05 of 2nd period - Deflect By Rich Peverley.
3:05 of 2nd period - Stopped by Jimmy Howard with a rebound.
3:07 of 2nd period - Snap shot by Rich Peverley.
3:07 of 2nd period - Stopped by Jimmy Howard without a rebound.
3:08 of 2nd period - Peter Regin wins face-off versus Vaclav Prospal in Blackhawks zone.
4:27 of 2nd period - Carson Mcmillan is hit by Rich Peverley and loses puck.
4:40 of 2nd period - Kurt Sauer is hit by Fedor Tyutin and loses puck.
5:06 of 2nd period - Wrist shot by Tomas Fleischmann.
5:06 of 2nd period - Stopped by Julien Ellis with a rebound.
5:08 of 2nd period - Snap shot by Peter Regin.
5:08 of 2nd period - Stopped by Julien Ellis with a rebound.
5:10 of 2nd period - Wrist shot by Patrick Kaleta.
5:10 of 2nd period - Stopped by Julien Ellis with a rebound.
5:34 of 2nd period - Slapshot by Peter Regin.
5:34 of 2nd period - Deflect By Patrick Kaleta.
5:34 of 2nd period - Shot Misses the Net.
5:34 of 2nd period - Puck is out of play.
5:35 of 2nd period - Chris Drury wins face-off versus Derick Brassard in Nordiques zone.
5:35 of 2nd period - Chris Drury is hit by Patrick Kane.
5:48 of 2nd period - Minor Penalty to Ian White for Hooking.
5:49 of 2nd period - Chris Drury wins face-off versus Jonathan Toews in Blackhawks zone.
7:07 of 2nd period - Denis Grebeshkov is hit by Jean-Pierre Dumont and loses puck.
7:30 of 2nd period - Vaclav Prospal is hit by Kurt Sauer and loses puck.
7:48 of 2nd period - Penalty to Ian White is over, Ian White is back on ice.
8:18 of 2nd period - Icing by Pascal Dupuis.
8:19 of 2nd period - Rich Peverley wins face-off versus Derick Brassard in Nordiques zone.
8:38 of 2nd period - Rich Peverley is hit by Patrick Kane and loses puck.
9:49 of 2nd period - Snap shot by R.J. Umberger.
9:49 of 2nd period - Shot Misses the Net.
9:51 of 2nd period - Slapshot by Chris Drury.
9:51 of 2nd period - Shot Misses the Net.
10:35 of 2nd period - Icing by R.J. Umberger.
10:36 of 2nd period - Chris Drury wins face-off versus Peter Regin in Nordiques zone.
10:57 of 2nd period - Michael Ryder is hit by Derick Brassard and loses puck.
11:05 of 2nd period - Icing by Fedor Tyutin.
11:06 of 2nd period - Paul Gaustad wins face-off versus Jonathan Toews in Nordiques zone.
11:15 of 2nd period - Snap shot by Ryan Hollweg.
11:15 of 2nd period - Stopped by Julien Ellis with a rebound.
11:27 of 2nd period - Derick Brassard is hit by Kyle Calder and loses puck.
11:38 of 2nd period - Slapshot by Paul Gaustad.
11:38 of 2nd period - Shot Blocked by Denis Grebeshkov.
11:40 of 2nd period - Snap shot by Michael Ryder.
11:40 of 2nd period - Stopped by Jimmy Howard with a rebound.
11:42 of 2nd period - Wrist shot by Kyle Calder.
11:42 of 2nd period - Shot Blocked by Kurt Sauer.
11:59 of 2nd period - Off-side.
12:00 of 2nd period - Chris Drury wins face-off versus Jonathan Toews in neutral zone.
12:05 of 2nd period - Backhand shot by Chris Drury.
12:05 of 2nd period - Deflect By R.J. Umberger.
12:05 of 2nd period - Shot Misses the Net.
12:05 of 2nd period - Puck is out of play.
12:06 of 2nd period - Jonathan Toews wins face-off versus Chris Drury in Blackhawks zone.
12:15 of 2nd period - R.J. Umberger is hit by Joni Pitkanen and loses puck.
13:07 of 2nd period - Slapshot by Patrick Kane.
13:07 of 2nd period - Goal by Patrick Kane - Blackhawks : 2 - Nordiques : 3.
13:08 of 2nd period - Derick Brassard wins face-off versus Chris Drury in neutral zone.
13:11 of 2nd period - Backhand shot by Dave Tanabe.
13:11 of 2nd period - Deflect By Fedor Tyutin.
13:11 of 2nd period - Goal by Dave Tanabe - Blackhawks : 3 - Nordiques : 3.
13:12 of 2nd period - Chris Drury wins face-off versus Antoine Roussel in neutral zone.
13:38 of 2nd period - Ryan Hollweg is hit by Fedor Tyutin and loses puck.
14:01 of 2nd period - Snap shot by Peter Regin.
14:01 of 2nd period - Shot Blocked by Kyle Calder.
14:08 of 2nd period - Off-side.
14:09 of 2nd period - Chris Drury wins face-off versus Derick Brassard in neutral zone.
14:21 of 2nd period - Minor Penalty to Dave Tanabe for Hooking.
14:22 of 2nd period - Jonathan Toews wins face-off versus R.J. Umberger in Blackhawks zone.
14:49 of 2nd period - Icing by Nikita Kucherov.
14:50 of 2nd period - Peter Regin wins face-off versus Vaclav Prospal in Nordiques zone.
15:14 of 2nd period - Off-side.
15:15 of 2nd period - Peter Regin wins face-off versus Chris Drury in neutral zone.
15:20 of 2nd period - Snap shot by Peter Regin.
15:20 of 2nd period - Deflect By Carson Mcmillan.
15:20 of 2nd period - Shot Misses the Net.
15:20 of 2nd period - Puck is out of play.
15:21 of 2nd period - Chris Drury wins face-off versus Jonathan Toews in Nordiques zone.
15:43 of 2nd period - Joni Pitkanen is hit by Dmitry Kulikov and loses puck.
15:48 of 2nd period - Wrist shot by Chris Drury.
15:48 of 2nd period - Shot Blocked by Joni Pitkanen.
15:50 of 2nd period - Snap shot by Jean-Pierre Dumont.
15:50 of 2nd period - Shot Blocked by Jonathan Toews.
15:52 of 2nd period - Wrist shot by R.J. Umberger.
15:52 of 2nd period - Stopped by Jimmy Howard without a rebound.
15:53 of 2nd period - Vaclav Prospal wins face-off versus Jonathan Toews in Blackhawks zone.
16:21 of 2nd period - Penalty to Dave Tanabe is over, Dave Tanabe is back on ice.
16:29 of 2nd period - Snap shot by Paul Gaustad.
16:29 of 2nd period - Deflect By Michael Ryder.
16:29 of 2nd period - Shot Misses the Net.
16:29 of 2nd period - Puck is out of play.
16:30 of 2nd period - Derick Brassard wins face-off versus Kyle Calder in Blackhawks zone.
16:30 of 2nd period - Derick Brassard is hit by Paul Gaustad.
17:02 of 2nd period - Slapshot by Mark Eaton.
17:02 of 2nd period - Deflect By Jonathan Toews.
17:02 of 2nd period - Stopped by Jimmy Howard with a rebound.
17:04 of 2nd period - Slapshot by Mark Eaton.
17:04 of 2nd period - Deflect By Paul Gaustad.
17:04 of 2nd period - Stopped by Jimmy Howard with a rebound.
17:20 of 2nd period - Slapshot by Kyle Calder.
17:20 of 2nd period - Stopped by Jimmy Howard with a rebound.
17:22 of 2nd period - Slapshot by T.J. Fast.
17:22 of 2nd period - Stopped by Jimmy Howard with a rebound.
17:24 of 2nd period - Wrist shot by Paul Gaustad.
17:24 of 2nd period - Stopped by Jimmy Howard with a rebound.
17:30 of 2nd period - Snap shot by Paul Gaustad.
17:30 of 2nd period - Stopped by Jimmy Howard without a rebound.
17:31 of 2nd period - Chris Drury wins face-off versus Antoine Roussel in Blackhawks zone.
18:36 of 2nd period - Fedor Tyutin is hit by Antoine Roussel and loses puck.
19:03 of 2nd period - Slapshot by Chris Drury.
19:03 of 2nd period - Shot Misses the Net.
19:05 of 2nd period - Slapshot by Mark Eaton.
19:05 of 2nd period - Shot Misses the Net.
19:24 of 2nd period - Wrist shot by Nikita Kucherov.
19:24 of 2nd period - Stopped by Jimmy Howard without a rebound.
19:25 of 2nd period - Derick Brassard wins face-off versus Chris Drury in Blackhawks zone.
Goals for this period are 2 for Blackhawks vs 0 for Nordiques.
Shots for this period are 6 for Blackhawks vs 15 for Nordiques.
3rd period
0:01 of 3rd period - Chris Drury wins face-off versus Derick Brassard in neutral zone.
0:26 of 3rd period - Dustin Byfuglien is hit by Jason Pominville.
0:46 of 3rd period - Snap shot by Nikolai Kulemin.
0:46 of 3rd period - Stopped by Jimmy Howard with a rebound.
0:48 of 3rd period - Slapshot by Ryan Ellis.
0:48 of 3rd period - Stopped by Jimmy Howard without a rebound.
0:49 of 3rd period - Derick Brassard wins face-off versus Rich Peverley in Blackhawks zone.
0:55 of 3rd period - Off-side.
0:56 of 3rd period - Chris Drury wins face-off versus Derick Brassard in neutral zone.
1:08 of 3rd period - Wrist shot by R.J. Umberger.
1:08 of 3rd period - Shot Misses the Net.
1:47 of 3rd period - Snap shot by Rich Peverley.
1:47 of 3rd period - Shot Misses the Net.
1:49 of 3rd period - Backhand shot by Fedor Tyutin.
1:49 of 3rd period - Shot Misses the Net.
1:51 of 3rd period - Snap shot by Pascal Dupuis.
1:51 of 3rd period - Stopped by Jimmy Howard without a rebound.
1:52 of 3rd period - Derick Brassard wins face-off versus Chris Drury in Blackhawks zone.
2:33 of 3rd period - Backhand shot by Patrick Kaleta.
2:33 of 3rd period - Stopped by Julien Ellis with a rebound.
2:49 of 3rd period - Snap shot by Jean-Pierre Dumont.
2:49 of 3rd period - Stopped by Jimmy Howard without a rebound.
2:50 of 3rd period - Derick Brassard wins face-off versus Vaclav Prospal in Blackhawks zone.
3:06 of 3rd period - Slapshot by Ryan Ellis.
3:06 of 3rd period - Shot Blocked by Antoine Roussel.
3:18 of 3rd period - Ryan Hollweg is hit by Paul Gaustad and loses puck.
4:16 of 3rd period - T.J. Fast is hit by Derick Brassard and loses puck.
4:33 of 3rd period - Slapshot by Jean-Pierre Dumont.
4:33 of 3rd period - Stopped by Jimmy Howard without a rebound.
4:34 of 3rd period - Chris Drury wins face-off versus Ryan Hollweg in Blackhawks zone.
5:00 of 3rd period - Dustin Byfuglien is hit by Peter Regin and loses puck.
5:09 of 3rd period - Backhand shot by Fedor Tyutin.
5:09 of 3rd period - Shot Blocked by Dave Tanabe.
5:23 of 3rd period - Wrist shot by Kyle Calder.
5:23 of 3rd period - Shot Misses the Net.
5:25 of 3rd period - Wrist shot by Kyle Calder.
5:25 of 3rd period - Shot Misses the Net.
5:27 of 3rd period - Slapshot by T.J. Fast.
5:27 of 3rd period - Deflect By Michael Ryder.
5:27 of 3rd period - Stopped by Jimmy Howard with a rebound.
5:29 of 3rd period - Snap shot by Mark Eaton.
5:29 of 3rd period - Stopped by Jimmy Howard without a rebound.
5:30 of 3rd period - Chris Drury wins face-off versus Jonathan Toews in Blackhawks zone.
6:23 of 3rd period - Wrist shot by Patrick Kane.
6:23 of 3rd period - Shot Misses the Net.
6:25 of 3rd period - Slapshot by Joni Pitkanen.
6:25 of 3rd period - Stopped by Julien Ellis with a rebound.
6:27 of 3rd period - Snap shot by Antoine Roussel.
6:27 of 3rd period - Stopped by Julien Ellis without a rebound.
6:28 of 3rd period - Antoine Roussel wins face-off versus Chris Drury in Nordiques zone.
6:39 of 3rd period - Snap shot by Derick Brassard.
6:39 of 3rd period - Shot Hit the Post.
6:41 of 3rd period - Snap shot by Patrick Kane.
6:41 of 3rd period - Stopped by Julien Ellis without a rebound.
6:42 of 3rd period - Derick Brassard wins face-off versus Chris Drury in Nordiques zone.
6:55 of 3rd period - Dustin Byfuglien is hit by Antoine Roussel.
7:19 of 3rd period - Snap shot by Jason Pominville.
7:19 of 3rd period - Stopped by Julien Ellis with a rebound.
8:25 of 3rd period - Off-side.
8:26 of 3rd period - Jonathan Toews wins face-off versus Paul Gaustad in neutral zone.
8:53 of 3rd period - Chris Drury is hit by Antoine Roussel and loses puck.
9:18 of 3rd period - Snap shot by Patrick Kaleta.
9:18 of 3rd period - Goal by Patrick Kaleta - Blackhawks : 4 - Nordiques : 3.
9:19 of 3rd period - Derick Brassard wins face-off versus Chris Drury in neutral zone.
10:11 of 3rd period - Snap shot by Vaclav Prospal.
10:11 of 3rd period - Shot Blocked by Ian White.
10:13 of 3rd period - Slapshot by Fedor Tyutin.
10:13 of 3rd period - Stopped by Jimmy Howard with a rebound.
10:15 of 3rd period - Wrist shot by Matt Moulson.
10:15 of 3rd period - Stopped by Jimmy Howard with a rebound.
10:17 of 3rd period - Snap shot by Fedor Tyutin.
10:17 of 3rd period - Shot Misses the Net.
10:23 of 3rd period - Minor Penalty to Peter Regin for Tripping.
10:24 of 3rd period - Chris Drury wins face-off versus Jonathan Toews in Blackhawks zone.
10:29 of 3rd period - Wrist shot by Chris Drury.
10:29 of 3rd period - Shot Blocked by Ian White.
10:31 of 3rd period - Snap shot by R.J. Umberger.
10:31 of 3rd period - Stopped by Jimmy Howard with a rebound.
10:33 of 3rd period - Slapshot by Ryan Ellis.
10:33 of 3rd period - Stopped by Jimmy Howard with a rebound.
10:35 of 3rd period - Backhand shot by Dmitry Kulikov.
10:35 of 3rd period - Stopped by Jimmy Howard with a rebound.
10:37 of 3rd period - Slapshot by Jean-Pierre Dumont.
10:37 of 3rd period - Stopped by Jimmy Howard without a rebound.
10:38 of 3rd period - Jonathan Toews wins face-off versus Chris Drury in Blackhawks zone.
11:00 of 3rd period - Jean-Pierre Dumont is hit by Jonathan Toews and loses puck.
11:42 of 3rd period - Slapshot by Fedor Tyutin.
11:42 of 3rd period - Stopped by Jimmy Howard with a rebound.
12:23 of 3rd period - Penalty to Peter Regin is over, Peter Regin is back on ice.
12:32 of 3rd period - Wrist shot by Patrick Kane.
12:32 of 3rd period - Stopped by Julien Ellis without a rebound.
12:33 of 3rd period - Paul Gaustad wins face-off versus Derick Brassard in Nordiques zone.
12:56 of 3rd period - Wrist shot by Michael Ryder.
12:56 of 3rd period - Deflect By Paul Gaustad.
12:56 of 3rd period - Shot Blocked by Brendan Bell.
12:56 of 3rd period - Puck is out of play.
12:57 of 3rd period - Vaclav Prospal wins face-off versus Jonathan Toews in Blackhawks zone.
13:06 of 3rd period - Wrist shot by Jonathan Toews.
13:06 of 3rd period - Deflect By Jason Pominville.
13:06 of 3rd period - Goal by Jason Pominville - Blackhawks : 5 - Nordiques : 3.
13:07 of 3rd period - Derick Brassard wins face-off versus Jean-Pierre Dumont in neutral zone.
13:43 of 3rd period - Slapshot by Dustin Byfuglien.
13:43 of 3rd period - Shot Blocked by Ian White.
13:45 of 3rd period - Wrist shot by Nikita Kucherov.
13:45 of 3rd period - Deflect By Vaclav Prospal.
13:45 of 3rd period - Shot Misses the Net.
13:45 of 3rd period - Puck is out of play.
13:46 of 3rd period - Peter Regin wins face-off versus Vaclav Prospal in Blackhawks zone.
14:11 of 3rd period - Ryan Ellis is hit by Kurt Sauer and loses puck.
14:56 of 3rd period - Snap shot by Rich Peverley.
14:56 of 3rd period - Shot Misses the Net.
14:58 of 3rd period - Slapshot by T.J. Fast.
14:58 of 3rd period - Stopped by Jimmy Howard without a rebound.
14:59 of 3rd period - R.J. Umberger wins face-off versus Jonathan Toews in Blackhawks zone.
15:43 of 3rd period - Dave Tanabe is hit by Michael Ryder.
15:58 of 3rd period - Kyle Brodziak is hit by Paul Gaustad and loses puck.
16:07 of 3rd period - Patrick Kane is hit by Dmitry Kulikov and loses puck.
16:12 of 3rd period - Wrist shot by Kyle Calder.
16:12 of 3rd period - Stopped by Jimmy Howard with a rebound.
16:14 of 3rd period - Wrist shot by Kyle Calder.
16:14 of 3rd period - Goal by Kyle Calder - Blackhawks : 5 - Nordiques : 4.
16:15 of 3rd period - R.J. Umberger wins face-off versus Peter Regin in neutral zone.
17:00 of 3rd period - Kyle Calder is hit by Ian White and loses puck.
17:25 of 3rd period - Joni Pitkanen is hit by Nikolai Kulemin and loses puck.
17:53 of 3rd period - Snap shot by Nikita Kucherov.
17:53 of 3rd period - Shot Misses the Net.
18:15 of 3rd period - Wrist shot by Carson Mcmillan.
18:15 of 3rd period - Shot Blocked by Jean-Pierre Dumont.
18:48 of 3rd period - Snap shot by Jonathan Toews.
18:48 of 3rd period - Shot Misses the Net.
18:50 of 3rd period - Slapshot by Brendan Bell.
18:50 of 3rd period - Deflect By Jason Pominville.
18:50 of 3rd period - Shot Misses the Net.
18:50 of 3rd period - Puck is out of play.
18:51 of 3rd period - Claude Noel call a timeout for Nordiques.
18:51 of 3rd period - Jonathan Toews wins face-off versus R.J. Umberger in Nordiques zone.
19:18 of 3rd period - Nordiques, Julien Ellis is pulled from the net.
19:30 of 3rd period - Slapshot by Derick Brassard.
19:30 of 3rd period - Shot Misses the Net.
19:36 of 3rd period - Antoine Roussel is hit by Chris Drury and loses puck.
Goals for this period are 2 for Blackhawks vs 1 for Nordiques.
Shots for this period are 8 for Blackhawks vs 17 for Nordiques.
Back to the Top